Zazza, neutral female human Tourist ----- |...| |...| # ------ |....##### |.`...# ------ |...| # |....|# ##.....| |>..| ##########.....|# ------------ ---.-----------# f |....| |...-# |.....### |..........|`# +.............|#@# |....| -----# --.---### |..........|# |.............|Z |....| # ## ### |..........|# #-.............%####-....| # # ### |..........+#####--------------- ------ # ### ###|...<......|# ### # ###...........|# # ## #------------# ### ---.----- ############## # |.......| ### |.......| # |.......| ##........| --------- Zazza the Rambler Experience level: 1 Strength: 12 Dexterity: 10 Constitution: 15 Intelligence: 13 Wisdom: 7 Charisma: 18 Health: 0(17) Energy: 2(2) Def: 0 Gold: 1241 Moves: 1868 Dungeon seed: ZZWCdl14R7eD67tN Game ID: Zazza_1619555562 Your Inventory: Coins $ - 1241 gold pieces Weapons a - 23 +2 darts p - a cursed -1 flail x - a +0 crossbow y - a +0 flail D - a cursed -1 dagger (weapon in hand) L - a +0 orcish dagger Armor e - an uncursed +0 Hawaiian shirt (being worn) r - a cursed -1 orcish helm Comestibles b - 6 uncursed food rations c - 3 uncursed tripe rations f - an uncursed clove of garlic Scrolls F - 2 uncursed scrolls of destroy armor G - a cursed scroll of light Spellbooks C - a blessed spellbook of sleep H - an uncursed spellbook of extra healing Potions h - 2 uncursed potions of extra healing M - an uncursed potion of water O - a cursed potion of healing P - a blessed potion of fruit juice Wands s - a wand of fire (0:6) Tools k - an uncursed skeleton key l - an expensive camera (0:86) m - an uncursed credit card t - an uncursed towel J - an uncursed blindfold Gems n - an uncursed worthless piece of black glass q - 2 uncursed amethyst stones Spells and supernatural/magical abilities: Name Level Category Fail Memory W - pray for help -- divine ? -- Your skills at the end: Fighting Skills Weapon Skills dart [Basic] Spellcasting Skills Final Attributes: You were nominally aligned. You were going to confuse monsters. You were a werejackal. You were lucky. You are dead. Vanquished creatures: a floating eye a hobbit a large kobold a hobgoblin a cave spider a brown mold a red mold 2 geckos 11 jackals a fox a kobold a goblin 3 grid bugs 2 lichens 2 kobold zombies 5 newts 35 creatures vanquished. Voluntary challenges: You never hit with a wielded weapon. You read items or engraved 8 times, starting on turn 671. You never genocided any monsters. You never polymorphed an object. You never changed form. You used no wishes. You never split a pudding. You wrote Elbereth's name 1 time, starting on turn 1063. You never violated your personal moral code. Dungeon overview: The Dungeons of Doom: levels 1 to 7 Level 1 some altars to Blind Io and The Lady a long staircase Level 2 Level 3 an altar to The Lady Level 4 some fountains a long staircase Level 5 Level 6 a fountain Level 7 <- You were here History has recorded: On T:1 you entered the Dungeons of Doom to retrieve the Amulet of Yendor! On T:560 you reached level 2 of The Dungeons of Doom. On T:897 you reached level 3 of The Dungeons of Doom. On T:1125 you reached level 4 of The Dungeons of Doom. On T:1221 you reached level 5 of The Dungeons of Doom. On T:1494 you reached level 6 of The Dungeons of Doom. On T:1622 you reached level 7 of The Dungeons of Doom. Score breakdown: Gold: 349 ( 8654 points) Experience: 1 level ( 0 points) Exploration: 7 levels ( 14.29%) (10606 points) Discoveries: 1 item ( 0.34%) ( 1737 points) Valuables value: (no points given unless you survive) Artifact value: 0 ( 0 points) Variety of kills: 16 monsters ( 4.20%) ( 6147 points) Turncount: 1868 turns ( 0 points) Survival: died (score multiplied by 80%) Total score: 21715 Latest messages: Armand misses the werejackal. (2x) Armand bites the werejackal. The werejackal misses Armand. The werejackal bites! (2x) Armand bites the werejackal. (2x) The werejackal misses Armand. Armand misses the werejackal. Armand bites the werejackal. The werejackal misses Armand. Armand misses the werejackal. Armand bites the werejackal. Armand misses the werejackal. The werejackal bites! Armand misses the werejackal. Armand bites the brown mold. The brown mold is killed! Armand picks up a brown mold corpse. Armand drops a brown mold corpse. The werejackal bites! You feel feverish. You hear some noises. The werejackal bites! (3x) The door resists! The door opens. The kobold zombie hits! You die... Final status: Aloha Zazza the Tourist, killed by a kobold zombie... You died in The Dungeons of Doom on dungeon level 7 with 21715 points, and 1241 pieces of gold, after 1868 moves. You were level 1 with a maximum of 17 hit points when you died.